AoeStats
← 帝国的铁汉

Arabia

509332284Analyzed
1v1 RM · 6d ago on Sep 26, 2026· 24m 39s· 2 players
Game mode
Random Map
Map size
Tiny (2 player)
Population
200
Speed
Normal
Resources
Standard
Victory
Conquest
Starting age
Dark Age
Ending age
Imperial Age
RankedLock teamsTeams togetherTeam positionsShared explorationLock speedFull tech treeHidden civsTurbo modeCheats
Victory
Defeat
🇨🇳 Persians · China
1646
+15
🇹🇷 Tupi · Türkiye
1620
-15
Castiglione
6:35 Loom
9:33 Feudal Age
16:24 Fletching
16:48 Fletching
21:48 Castle Age
21:55 Scale Mail Armor
帝国的铁汉
10:40 Loom
12:28 Feudal Age
16:40 Castle Age
15:03 Double-Bit Axe
16:49 Bloodlines
Connection lost

Rejoining the realm…

Still unreachable

The connection could not be restored.

Session expired

The server has moved on; the page needs a fresh start.